 Dungeon Crawl Stone Soup version 0.30.0-15-g856e2d3f33 (webtiles) character file.

Game seed: 8958572065867136086

43 karkarkar the Shield-Bearer (level 3, 0/23 HPs)
             Began as a Gargoyle Fighter on May 20, 2023.
             Was a Follower of Okawaru.
             Hit by a goblin thrown by Robin (3 damage)
             ... on level 2 of the Dungeon.
             The game lasted 00:02:47 (623 turns).

karkarkar the Shield-Bearer (Gargoyle Fighter)       Turns: 623, Time: 00:02:48

Health: 0/23       AC: 10    Str: 21    XL:     3   Next: 58%
Magic:  3/3        EV:  9    Int:  8    God:    Okawaru [*.....]
Gold:   77         SH:  4    Dex:  9    Spells: 2/2 levels left

rFire   . . .        a - +0 war axe
rCold   . . .        c - +0 buckler
rNeg    + . .        b - +0 scale mail
rPois   ∞            (no helmet)
rElec   +            (no cloak)
rCorr   .            (no gloves)
SInv    .            (no boots)
Will    .....        (no amulet) Stlth
                     (no ring)
HPRegen 0.23/turn    (no ring)
MPRegen 0.08/turn

%: no passive effects
@: mighty
A: sickness immunity, AC +3, negative energy resistance 1, electricity
resistance, torment resistance 1, petrification resistance
a: Renounce Religion, Heroism


You were on level 2 of the Dungeon.
You worshipped Okawaru.
Okawaru was aware of your devotion.
You visited 1 branch of the dungeon, and saw 2 of its levels.

You collected 77 gold pieces.

Inventory:

Hand Weapons
 a - a +0 war axe (weapon)
Armour
 b - a +0 scale mail (worn)
 c - a +0 buckler (worn)
Potions
 f - a potion of curing {unknown}


   Skills:
 - Level 3.2 Fighting
 + Level 2.6 Axes
 - Level 3.2 Armour
 + Level 4.3 Shields


You had 2 spell levels left.
You didn't know any spells.
Your spell library was empty.

Dungeon Overview and Level Annotations

Branches:
Dungeon (2/15)

Altars:
Okawaru

Shops:
D:1 :

Annotations:
D:2 Robin


Innate Abilities, Weirdness & Mutations

You are immune to sickness and miasma.
Your stone body is resilient. (AC +3)
You are immune to poison.
You resist negative energy. (rN+)
You are resistant to electric shocks. (rElec)
You are resistant to unholy torment.
You are immune to petrification.


Message History

You hear a bark!
You slash the hobgoblin!
You kill the hobgoblin!
Okawaru accepts your kill.
You barely miss the goblin. You closely miss the hobgoblin.
Robin throws the goblin at you! The goblin hits you with a +0 club.
The hobgoblin barely misses you. Robin completely misses you.
The hobgoblin closely misses you. The hobgoblin hits you.
The goblin hits you but does no damage. The hobgoblin hits you.
Okay, then.
Okay, then.
You fail to use your ability.
Robin throws the goblin at you! The hobgoblin closely misses you.
The hobgoblin hits you but does no damage. x2
The goblin barely misses you. The goblin hits you but does no damage.
Robin hits you from afar with a +0 spear.
Unknown command.
You are too injured to fight recklessly!
The goblin attacks as you move away! The goblin hits you with a +0 club.
* * * LOW HITPOINT WARNING * * *
The goblin attacks as you move away! The goblin hits you but does no damage.
The hobgoblin attacks as you move away! The hobgoblin completely misses you.
A jackal comes into view.
The jackal barks!
Robin says, "Duck!"
Robin hits you but does no damage.
The hobgoblin hits you but does no damage.
A jackal comes into view.
You aren't carrying any scrolls.
You barely miss the hobgoblin. You closely miss Robin. You hit the adder.
The adder bites you but does no damage. Robin throws the goblin at you!
The adder bites you but does no damage. The goblin hits you but does no damage.
Robin hits you but does no damage. The hobgoblin barely misses you.
Unknown command.
You closely miss the hobgoblin. You slash Robin! You closely miss the adder.
You slash the goblin!
You kill the goblin!
Okawaru accepts your kill. Robin throws the goblin at you!
You die...

.....#######.#.#.#
..........##.#.#.#
........†........#
####..†..........#
#.............#
###.............#
.................# .
.............#.#g# ...
...........###g#@#.....
....#......#
#gSgg......
...........#
#.ggg....#.
...........#
#.....h....
...........#
#.......... #+##......#
#.......h.. ........#
...........
.#.#...##............
..[..!.....


You could see Robin (fast), an adder, 2 jackals, 4 hobgoblins and 2 goblins.

Vanquished Creatures
  A dart slug (D:1)
  4 ball pythons
  3 endoplasms (D:1)
  4 giant cockroaches (D:1)
  6 goblins
  2 hobgoblins
  4 jackals (D:1)
  4 quokkas
  A bat (D:1)
  A frilled lizard (D:1)
  2 kobolds (D:1)
  3 rats (D:1)
35 creatures vanquished.

Notes
Turn   | Place    | Note
-------+----------+-------------------------------------------
     0 | D:1      | karkarkar the Gargoyle Fighter began the quest for the Orb.
     0 | D:1      | Reached XP level 1. HP: 14/14 MP: 1/1
    63 | D:1      | Reached XP level 2. HP: 13/19 MP: 2/2
   121 | D:1      | Found Baceh's Book Boutique.
   132 | D:1      | Reached skill level 4 in Shields
   185 | D:1      | Found a faded altar of an unknown god.
   190 | D:1      | Prayed at the altar of an unknown god.
   190 | D:1      | Became a worshipper of Warmaster Okawaru
   190 | D:1      | Reached * piety under Okawaru
   235 | D:1      | Reached XP level 3. HP: 23/23 MP: 3/3
   615 | D:2      | Noticed Robin
   623 | D:2      | Hit by a goblin thrown by Robin

Illustrated notes

Levels and vault maps discovered:
D:1:      dpeg_arrival_rooms_b, layout_rooms, ebering_ecumenical_altar_box,
          serial_shops, shop, serial_rivers, chequers_serial_rivers_micro_c,
          chequers_serial_rivers_small_b, chequers_serial_rivers_room_a,
          chequers_serial_rivers_micro_a
D:2:      layout_basic, uniq_robin

Skill      XL: |  1  2 |
---------------+-------+-----
Axes           | 2 |  2.6
Shields        | 4 |  4.3
Fighting       | |  3.2
Armour         | |  3.2

Action                     || total
---------------------------++-------
  Melee: War axe           ||   104
    Use: Scroll            ||     1
         Potion            ||     2
 Armour: Scale mail        ||    80
  Dodge: Dodged            ||    69
  Block: Buckler           ||    21
